 Dungeon Crawl Stone Soup version 0.27.1 (webtiles) character file.

Game seed: 16023942836825712423

112847 chispire the Warrior (level 16, 0/148 (155) HPs)
             Began as a Minotaur Berserker on Aug 13, 2021.
             Was a High Priest of Trog.
             Slain by an orc knight (45 damage)
             ... on level 2 of the Orcish Mines on Aug 21, 2021.
             The game lasted 03:07:13 (28777 turns).

chispire the Warrior (Minotaur Berserker)          Turns: 28777, Time: 03:07:16

HP:   0/148 (155)   AC: 30    Str: 32    XL:     16   Next: 12%
MP:   15/15         EV:  9    Int:  7    God:    Trog [*****.]
Gold: 1956          SH: 15    Dex: 12    Spells: 15/15 levels left

rFire    + . .     SeeInvis +   a - +12 whip of Dishonour {vorpal, rF+ Int+2}
rCold    . . .     Faith    .   u - +0 kite shield
rNeg     . . .     Spirit   .   x - +6 plate armour of Indemnity {SInv Stlth+}
rPois    .         Reflect  .   (helmet restricted)
rElec    .         Harm     .   J - +2 cloak
rCorr    .         Rampage  .   o - +2 pair of gloves
Will     ++++.                  r - +2 pair of boots {Fly}
Stlth    ..........             y - amulet of the acrobat
HPRegen  1.34/turn              j - +6 ring of strength
MPRegen  0.14/turn              E - ring of willpower

@: lethally poisoned (0 -> -14), strong-willed, corroded, flying, regenerating,
studying Crossbows, lightly drained
A: horns 2, retaliatory headbutt
a: Renounce Religion, Berserk, Trog's Hand, Brothers in Arms


You were on level 2 of the Orcish Mines.
You worshipped Trog.
Trog was extremely pleased with you.
You visited 6 branches of the dungeon, and saw 26 of its levels.

You collected 1956 gold pieces.

Inventory:

Hand Weapons
 a - the +12 whip of Dishonour (weapon) {vorpal, rF+ Int+2}
   (You found it on level 5 of the Lair of Beasts)

   It inflicts extra damage upon your enemies.
   Int:       It affects your intelligence (+2).
   rF:        It protects you from fire.
 b - the +8 whip "Snakebite" {venom, curare, rPois}
   (Trog gifted it to you on level 15 of the Dungeon)

   It poisons the flesh of those it strikes.
   It occasionally inflicts asphyxiating poison on those it strikes, dealing
   poison damage and causing slowness.
   rPois:     It protects you from poison.
Missiles
 f - 55 poisoned darts (quivered)
 F - a throwing net
Armour
 o - a +2 pair of gloves (worn)
 r - a +2 pair of boots of flying (worn)
 u - a +0 kite shield (worn)
 x - the +6 plate armour of Indemnity (worn) {SInv Stlth+}
   (You found it on level 1 of the Lair of Beasts)

   SInv:      It lets you see invisible.
   Stlth:     It makes you more stealthy.
 J - a +2 cloak (worn)
Jewellery
 j - a +6 ring of strength (left hand)
 y - an amulet of the acrobat (around neck)
 E - a ring of willpower (right hand)
 K - a ring of fire
Wands
 d - a wand of polymorph (23)
 s - a wand of mindburst (34)
 t - a wand of paralysis (25)
 B - a wand of charming (32)
 C - a wand of acid (20)
 D - a wand of iceblast (12)
 M - a wand of flame (16)
Scrolls
 e - 3 scrolls of blinking
 h - 7 scrolls of teleportation
 i - 5 scrolls of identify
 l - 2 scrolls of fear
 n - 2 scrolls of magic mapping
 p - 2 scrolls of holy word
 q - 2 scrolls of summoning
 v - 4 scrolls of fog
Potions
 c - 7 potions of lignification
 g - 14 potions of curing
 k - a potion of invisibility
 m - a potion of berserk rage
 w - 4 potions of mutation
 z - 2 potions of might
 G - a potion of heal wounds
 H - a potion of attraction
 I - a potion of magic
 N - 2 potions of ambrosia
Miscellaneous
 A - a piece from Xom's chessboard (15/15)
 L - a tin of tremorstones (2/2)


   Skills:
 + Level 17.5 Fighting
 - Level 15.4(16.3) Axes
 * Level 9.9(13.7) Maces & Flails
 - Level 6.0 Throwing
 + Level 15.8 Armour
 - Level 2.1 Dodging
 - Level 1.8 Stealth
 - Level 15.0 Shields


You had 15 spell levels left.
You didn't know any spells.
Your spell library was empty.

Dungeon Overview and Level Annotations

Branches:
Dungeon (15/15)            Temple (1/1) D:7            Lair (6/6) D:8
 Shoals (1/4) Lair:3        Snake (1/4) Lair:4          Orc (2/2) D:11
 Vaults (0/5) D:13         Depths (0/5) D:15
  Slime: Lair:5-6       Elf: Orc:2

Altars:
Ashenzari
Cheibriados
Dithmenos
Elyvilon
Hepliaklqana
Kikubaaqudgha
Nemelex Xobeh
Qazlal
Ru
Wu Jian
Zin

Shops:
D:13 =   D:15 (

Annotations:
Lair:5 exclusion: 2 oklob plants


Innate Abilities, Weirdness & Mutations

You have a pair of horns on your head.
You reflexively headbutt those who attack you in melee.


Message History

The orange demon stings you from afar.
You are poisoned.
The orange demon poisons you!
The orc knight roars a battlecry!
The orc knight goes into a battle-frenzy!
You hit the orc warrior but do no damage.
You headbutt the orc warrior.
You kill the orc warrior!
Trog accepts your kill.
You feel very sick.
The orc high priest mumbles some strange prayers to Beogh.
You block the orange demon's attack.
You hit the orc warrior. You headbutt the orc warrior.
The orc warrior is moderately wounded.
You feel sick.
The orange demon disappears in a puff of smoke!
The orange demon stings you but does no damage.
You completely miss the troll. You headbutt the troll!!
The troll is heavily wounded.
You feel sick.
The orc high priest hits you but does no damage.
The rust devil hits you. The rust devil corrodes you!
Your plate armour of Indemnity prevents you from hitting the troll.
The troll is heavily wounded.
You feel sick. The orange demon stings you from afar!
You are more poisoned.
The orange demon poisons you!
The orc sorcerer gestures at you while chanting.
The bolt of negative energy hits you.
You feel drained. You block the orc warrior's attack.
The orc knight hits you from afar with a +0 bardiche!!
The troll bites you. The troll barely misses you.
The troll claws you but does no damage.
You feel extremely sick.
The orc high priest hits you from afar with a +0 halberd.
You block the rust devil's attack.
The orc warrior hits you but does no damage.
You block the orange demon's attack.
The orc knight hits you from afar with a +0 bardiche!!!
You die...

####. #.... ..P.
#..... ....
..$... o.o..
.....$### #..o..
.....§o@###.....P
.....o4oT#o.....P
......o4o#.......
#.#...4ooo......o
# #....o.........
##.............
#......((.#...
##.....#### ##
##...##


You could see 2 orc knights, 2 orc high priests, an orange demon (summoned), a
rust devil (summoned), a troll, an orc sorcerer (strong), a red devil (summoned)
and 4 orc warriors.

Vanquished Creatures
  Rupert (D:14)
  Agnes (D:14)
  Roxanne (D:15)
  An orc warlord (Orc:1)
  Nessos (D:14)
  Azrael (D:13)
  2 fire dragons
  2 yaktaur captains
  2 rakshasas
  Fannar (Orc:1)
  Josephine (D:15)
  Erolcha (D:9)
  3 catoblepae
  9 hydras
  Harold (D:8)
  An ogre mage (D:15)
  An ice dragon (D:15)
  9 two-headed ogres
  A boulder beetle (D:13)
  Erica (D:11)
  2 centaur warriors
  A deep troll shaman (Lair:6)
  A death knight (D:12)
  6 death yaks
  A tengu warrior (D:14)
  Urug (D:11)
  Sonja (Orc:1)
  3 skeletal warriors (D:13)
  An orc knight (D:12)
  A wizard (D:15)
  2 deep elf pyromancers
  A lindwurm (Lair:6)
  2 manticores
  A harpy (shapeshifter) (D:15)
  4 cyclopes
  28 ugly things
  An orc sorcerer (Orc:1)
  A merfolk siren (Lair:3)
  21 elephants
  8 cane toads
  7 black mambas
  2 gargoyles
  2 unseen horrors
  2 torpor snails
  2 kobold demonologists
  Maurice (D:13)
  Maggie (D:8)
  7 komodo dragons
  A komodo dragon (shapeshifter) (D:14)
  An efreet (D:14)
  2 freezing wraiths
  7 rime drakes
  A tengu conjurer (D:14)
  12 yaktaurs
  3 merfolk (Lair:3)
  3 trolls
  2 polar bears
  A hornet (D:7)
  10 blink frogs
  19 slime creatures
  9 dream sheep
  40 yaks
  A centaur simulacrum (D:14)
  2 shadows (D:12)
  4 wraiths
  2 wyverns
  2 vampires
  Grum (D:8)
  4 basilisks
  4 fire elementals (D:13)
  13 vampire mosquitoes
  10 steam dragons
  A warg (shapeshifter) (D:15)
  2 wargs
  A hell hound (D:13)
  5 acid dragons
  24 water moccasins
  16 orc warriors
  4 black bears
  A necrophage (D:7)
  3 centaurs
  5 ogres
  21 wolves
  4 kobold brigands
  7 bullfrogs
  A wyvern zombie (D:5)
  5 gnoll sergeants
  A water moccasin skeleton (D:5)
  18 killer bees
  3 electric eels (D:12)
  A wight (D:8)
  A howler monkey (D:10)
  4 centaur zombies
  A hound (D:5)
  A gnoll shaman (D:6)
  16 orc priests
  3 jellies
  A centaur skeleton (D:6)
  4 iguanas
  Jessica (D:3)
  Ijyb (D:3)
  19 orc wizards
  5 hell rats (Lair:4)
  A howler monkey zombie (D:10)
  24 gnolls
  8 adders
  3 shadow imps
  2 dart slugs
  47 orcs
  7 endoplasms
  7 giant cockroaches
  4 hobgoblins
  7 jackals
  4 quokkas
  4 ball pythons
  5 bats
  2 frilled lizards
  6 goblins
  23 kobolds
  5 rats
  A bush (Lair:3)
646 creatures vanquished.

Vanquished Creatures (others)
  2 rime drakes (Lair:6)
  39 fungi
  45 plants
86 creatures vanquished.

Grand Total: 732 creatures vanquished

Notes
Turn   | Place    | Note
-------+----------+-------------------------------------------
     0 | D:1      | chispire the Minotaur Berserker began the quest for the
                  | Orb.
     0 | D:1      | Reached XP level 1. HP: 19/19 MP: 0/0
   154 | D:1      | Found a faded altar of an unknown god.
   378 | D:1      | Reached XP level 2. HP: 18/27 MP: 1/1
   497 | D:1      | Reached skill level 4 in Fighting
   937 | D:2      | Reached XP level 3. HP: 31/33 MP: 2/2
  1691 | D:2      | Identified a scroll of acquirement
  1691 | D:2      | Acquired a +1 broad axe of electrocution
  1972 | D:3      | Noticed Ijyb
  1992 | D:3      | Killed Ijyb
  1993 | D:3      | Reached XP level 4. HP: 22/41 MP: 3/3
  2628 | D:3      | Noticed Jessica
  2634 | D:3      | Killed Jessica
  2635 | D:3      | Reached skill level 5 in Fighting
  2635 | D:3      | Reached skill level 5 in Axes
  2777 | D:3      | Reached ** piety under Trog
  2778 | D:3      | Reached XP level 5. HP: 48/48 MP: 4/4
  3422 | D:4      | Found a white marble altar of Elyvilon.
  3531 | D:4      | Reached XP level 6. HP: 57/57 MP: 5/5
  3677 | D:4      | Reached skill level 6 in Fighting
  3931 | D:5      | Entered Level 5 of the Dungeon
  4243 | D:5      | Reached XP level 7. HP: 30/64 MP: 6/6
  4649 | D:5      | Reached skill level 7 in Fighting
  4836 | D:5      | Reached skill level 5 in Armour
  5124 | D:6      | Found a shadowy altar of Dithmenos.
  5366 | D:6      | Reached skill level 8 in Fighting
  5366 | D:6      | Reached XP level 8. HP: 38/74 MP: 7/7
  5376 | D:6      | Found a sparkling altar of Nemelex Xobeh.
  5564 | D:6      | Reached *** piety under Trog
  5983 | D:7      | Noticed a hornet
  5988 | D:7      | Killed a hornet
  6014 | D:7      | Reached skill level 9 in Fighting
  6067 | D:7      | Noticed a slime creature
  6079 | D:7      | Killed a slime creature
  6090 | D:7      | Reached XP level 9. HP: 66/84 MP: 8/8
  6127 | D:7      | Noticed a kobold demonologist
  6132 | D:7      | Killed a kobold demonologist
  6137 | D:7      | Reached skill level 10 in Fighting
  6137 | D:7      | Reached skill level 10 in Axes
  6253 | D:7      | Noticed a manticore
  6262 | D:7      | Killed a manticore
  6643 | D:7      | Killed an unseen horror
  6644 | D:7      | Reached skill level 11 in Fighting
  6851 | D:7      | Found a staircase to the Ecumenical Temple.
  6860 | Temple   | Entered the Ecumenical Temple
  6937 | D:7      | Found a glowing silver altar of Zin.
  7338 | D:8      | Noticed Harold
  7344 | D:8      | Killed Harold
  7345 | D:8      | Reached XP level 10. HP: 91/96 MP: 9/9
  7418 | D:8      | Found a staircase to the Lair.
  7595 | D:8      | Noticed Grum
  7646 | D:8      | Noticed Maggie
  7655 | D:8      | Killed Maggie
  7963 | D:8      | Reached **** piety under Trog
  8029 | D:8      | Reached skill level 12 in Fighting
  8561 | D:8      | Found a hazy altar of Hepliaklqana.
  8637 | D:8      | Killed Grum
  8941 | Lair:1   | Entered Level 1 of the Lair of Beasts
  9241 | Lair:1   | Noticed a cane toad
  9247 | Lair:1   | Killed a cane toad
  9248 | Lair:1   | Reached XP level 11. HP: 106/106 MP: 10/10
  9325 | Lair:1   | Identified the +6 plate armour of Indemnity {SInv Stlth+}
  9346 | Lair:1   | Reached skill level 13 in Fighting
 10370 | Lair:2   | Noticed a four-headed hydra
 10381 | Lair:2   | Killed a nine-headed hydra
 10382 | Lair:2   | Reached skill level 1 in Throwing
 10636 | Lair:2   | Reached skill level 10 in Armour
 11023 | Lair:2   | Noticed a five-headed hydra
 11033 | Lair:2   | Killed an 11-headed hydra
 11924 | Lair:3   | Noticed an eight-headed hydra
 11931 | Lair:3   | Killed a ten-headed hydra
 12015 | Lair:3   | Reached skill level 5 in Throwing
 12040 | Lair:3   | Reached XP level 12. HP: 116/116 MP: 11/11
 12275 | Lair:3   | Reached skill level 14 in Fighting
 12927 | Lair:3   | Found a staircase to the Shoals.
 12954 | Shoals:1 | Entered Level 1 of the Shoals
 13383 | Lair:4   | Reached skill level 15 in Axes
 13383 | Lair:4   | Found a staircase to the Snake Pit.
 13559 | Snake:1  | Entered Level 1 of the Snake Pit
 13752 | Lair:4   | Found a dark tunnel.
 13767 | Lair:4   | Reached ***** piety under Trog
 14771 | Lair:5   | Identified the +12 whip of Dishonour {vorpal, rF+ Int+2}
 14928 | Lair:5   | Reached skill level 1 in Maces & Flails
 14928 | Lair:5   | Reached skill level 1 in Shields
 15077 | Lair:5   | You are sucked into a shaft and drop 1 floor!
 15077 | Lair:6   | Entered Level 6 of the Lair of Beasts
 15078 | Lair:6   | Noticed a death yak
 15079 | Lair:6   | Noticed a death yak
 15083 | Lair:6   | Reached XP level 13. HP: 125/125 MP: 12/12
 15625 | Lair:5   | Reached skill level 5 in Maces & Flails
 15798 | Lair:5   | Reached skill level 15 in Fighting
 16143 | Lair:6   | Noticed a fire dragon
 16723 | Lair:6   | Killed a fire dragon
 17073 | Lair:6   | Reached skill level 16 in Fighting
 17848 | Lair:6   | Reached XP level 14. HP: 76/138 MP: 13/13
 18637 | D:9      | Received a gift from Trog
 18656 | D:9      | Noticed Erolcha
 18666 | D:9      | Killed Erolcha
 18667 | D:9      | Reached skill level 1 in Stealth
 19205 | D:10     | Entered Level 10 of the Dungeon
 19227 | D:10     | Found an ornate altar of the Wu Jian Council.
 19227 | D:10     | Found an ancient bone altar of Kikubaaqudgha.
 19762 | D:10     | Found a stormy altar of Qazlal.
 19936 | D:11     | Reached skill level 5 in Shields
 20100 | D:11     | Noticed Urug
 20113 | D:11     | Killed Urug
 20521 | D:11     | Reached skill level 15 in Armour
 20578 | D:11     | Found a staircase to the Orcish Mines.
 21226 | D:12     | Reached skill level 17 in Fighting
 22727 | D:13     | Received a gift from Trog
 22737 | D:13     | Found a broken altar of Ashenzari.
 22895 | D:13     | Noticed Azrael
 22898 | D:13     | Reached skill level 10 in Shields
 22909 | D:13     | Killed Azrael
 23201 | D:13     | Found Biezapint's Jewellery Emporium.
 23620 | D:13     | Found a gate to the Vaults.
 23645 | D:13     | Reached XP level 15. HP: 103/147 MP: 14/14
 23794 | D:13     | Noticed Maurice
 23799 | D:13     | Killed Maurice
 24089 | D:14     | Noticed Rupert
 24091 | D:14     | Noticed Agnes
 24110 | D:14     | Killed Rupert
 24117 | D:14     | Killed Agnes
 24454 | D:14     | Found a sacrificial altar of Ru.
 24574 | D:14     | Noticed Nessos
 24592 | D:14     | Killed Nessos
 25366 | D:15     | Entered Level 15 of the Dungeon
 25468 | D:15     | Received a gift from Trog
 25469 | D:15     | Found the +8 whip "Snakebite" {venom, curare, rPois}
 25786 | D:15     | Reached skill level 15 in Shields
 26021 | D:15     | Found Jesewn's Weapon Boutique.
 26283 | D:15     | Identified Roxanne's Collected Works on Transmigration
 26283 | D:15     | Noticed Roxanne
 26363 | D:15     | Killed Roxanne
 26394 | D:15     | Noticed Josephine
 26404 | D:15     | Killed Josephine
 26751 | D:15     | Found a snail-covered altar of Cheibriados.
 26809 | D:15     | Found a staircase to the Depths.
 27146 | D:15     | Reached XP level 16. HP: 98/155 MP: 15/15
 27369 | D:15     | Found a shadowy altar of Dithmenos.
 27537 | D:15     | Upgraded the game from 0.27.0-1-g7a089689b8 to 0.27.1
 27722 | Orc:1    | Entered Level 1 of the Orcish Mines
 27722 | Orc:1    | Noticed Erica
 27722 | Orc:1    | Noticed Sonja
 27740 | D:11     | Killed Erica
 27946 | Orc:1    | Received a gift from Trog
 28047 | Orc:1    | Killed Sonja
 28084 | Orc:1    | Noticed Fannar
 28098 | Orc:1    | Killed Fannar
 28609 | Orc:2    | Entered Level 2 of the Orcish Mines
 28777 | Orc:2    | Slain by an orc knight

Illustrated notes

Levels and vault maps discovered:
D:1:      dpeg_arrival_water_temple_mockup, layout_loops_ring,
          shapermc_ecumenical_altar_mp_vishouse
D:2:      layout_loops_ring, minmay_misc_feat_room
D:3:      layout_basic, kennysheep_jessica_study, uniq_ijyb
D:4:      layout_loops_corners, elyvilon_altar_1
D:5:      layout_cave_pods
D:6:      layout_rooms, mainiacjoe_overflow_concentric_impassable,
          mainiacjoe_overflow_cross_hatched, hangedman_decor_clover_reticule
D:7:      layout_loops_cross, mainiacjoe_overflow_alcove_2,
          minmay_temple_entry_poolview, kb_rosetta
D:8:      layout_basic, nicolae_hepliaklqana_hippocampus, lair_entry_dummy,
          minmay_joined_circles, uniq_harold, uniq_maggie, uniq_grum
D:9:      layout_basic, uniq_erolcha
D:10:     layout_irregular_city, nicolae_qazlal_eye_of_the_storm,
          jmf_multi_god_temple
D:11:     layout_basic, david_orc_4, uniq_urug
D:12:     minmay_opposing_rooms, layout_basic, serial_bayou_lagoon_b
D:13:     layout_big_octagon, david_vaults_2, minmay_shop_enchanted_jewellery,
          cheibrodos_ashenzari_chains, uniq_azrael, uniq_maurice
D:14:     layout_long_grid, nicolae_ru_awakened_eye, uniq_agnes, uniq_nessos,
          uniq_rupert
D:15:     grunt_enter_depths_hoard, layout_gridville, serial_shops, shop,
          kennysheep_flooded_box, minivault_25_ag, st_stairs_9,
          cheibriados_altar_1, uniq_roxanne, uniq_josephine
Temple:   minmay_temple_curvy_branch
Lair:1:   layout_layer_cave, chequers_serial_rivers_large_b, grunt_megastairs_2
Lair:2:   layout_chaotic_city, wad_woods_03, serial_bayou_shore_a
Lair:3:   layout_small_grid, elwin_shoals_entry_stream, guppyfry_lair_drakes
Lair:4:   layout_small_grid, minmay_snake_entry_six_corridors,
          nicolae_volcano_entry_lava_flow
Lair:5:   layout_regular_city, minmay_slime_entry_oklob_enclosed,
          gauntlet_entry_generic
Lair:6:   grunt_lair_end_beastmaster, layout_misc_corridors,
          bobbens_dragon_lair_wall
Shoals:1: layout_shoals, nicolae_shoals_sun_and_surf
Snake:1:  nicolae_snakescales, layout_basic, serial_shops,
          nicolae_shop_behind_doors, nicolae_take_the_stairs, st_stairs_5
Orc:1:    layout_caves, uniq_erica, uniq_sonja, uniq_fannar
Orc:2:    grunt_orc_gardens, layout_diamond_mine, grunt_orc_garden,
          grunt_orc_garden, grunt_orc_garden, grunt_orc_garden, serial_shops,
          shop_statue

Skill      XL: |  1  2  3  4  5  6  7  8  9 10 11 12 13 14 15 |
---------------+----------------------------------------------+-----
Fighting       | 4 5 6 8 9 11 12 13 14 16 17 | 17.5
Axes           | 4 5 6 8 9 11 12 13 15 | 15.4
Armour         | 3 4 5 6 8 9 10 12 14 15 | 15.8
Throwing       | 5 6 |  6.0
Maces & Flails | 1 6 9 |  9.9
Shields        | 1 4 11 15 | 15.0
Stealth        | 1 |  1.8
Dodging        | |  2.1

Action                   |  1- 3 |  4- 6 |  7- 9 | 10-12 | 13-15 | 16-18 || total
-------------------------+-------+-------+-------+-------+-------+-------++-------
Melee: Hand axe          |    48 |       |       |       |       |       ||    48
       Headbutt          |    13 |    11 |    15 |    83 |   377 |    29 ||   528
       Unarmed           |    15 |       |       |       |       |       ||    15
       Broad axe         |     5 |    84 |   139 |   387 |       |       ||   615
       Whip              |       |       |       |    12 |  1258 |   123 ||  1393
Throw: Dart              |    22 |    29 |    36 |    71 |    42 |    42 ||   242
Invok: Trog's Hand       |       |     3 |     4 |     6 |    14 |     6 ||    33
       Berserk           |       |     1 |     1 |    10 |     9 |       ||    21
  Use: Scroll            |     8 |     4 |     6 |     9 |     7 |     1 ||    35
       Potion            |     1 |       |       |     1 |     4 |       ||     6
 Stab: Petrified         |       |       |       |       |     3 |       ||     3
Armor: Animal skin       |     8 |       |       |       |       |       ||     8
       Ring mail         |       |    27 |    15 |       |       |       ||    42
       Leather armour    |       |     2 |       |       |       |       ||     2
       Plate armour      |       |       |    71 |   336 |   679 |    53 ||  1139
       Scale mail        |       |       |    12 |       |       |       ||    12
Dodge: Dodged            |    35 |    46 |    62 |   157 |   387 |    38 ||   725
Block: Buckler           |       |       |       |     1 |    80 |       ||    81
       Kite shield       |       |       |       |       |   496 |    76 ||   572
